 Dungeon Crawl Stone Soup version 0.19-a0-1051-gdb7e7f8 (webtiles) character file.

67 Jmtri7 the Chopper (level 3, -2/30 HPs)
             Began as a Demigod Fighter on Aug 1, 2016.
             Slain by a worm (5 damage)
             ... on level 2 of the Dungeon.
             The game lasted 00:04:42 (1403 turns).

Jmtri7 the Chopper (Demigod Fighter)                Turns: 1403, Time: 00:04:42

Health: -2/30      AC:  6    Str: 26    XL:     3   Next: 72%
Magic:  5/5        EV: 12    Int: 12    God:
Gold:   89         SH: 10    Dex: 20    Spells: 0 memorised, 2 levels left

rFire  . . .     SeeInvis .     o - +0 war axe
rCold  . . .     Gourm    .     b - +0 scale mail
rNeg   . . .     Faith    .     c - +0 shield
rPois  .         Spirit   .     (no helmet)
rElec  .         Dismiss  .     (no cloak)
rCorr  .         Reflect  .     (no gloves)
SustAt +         Harm     .     (no boots)
MR     .....                    (no amulet)
Stlth  +.........               (no ring)
                                (no ring)

@: mighty, agile, not resistant to hostile enchantments, very unstealthy
A: high mp 1, sustain attributes
a: no special abilities


You were on level 2 of the Dungeon.
You were not hungry.

You visited 1 branch of the dungeon, and saw 2 of its levels.

You collected 89 gold pieces.

Inventory:

Hand Weapons
 o - a +0 war axe (weapon)
Armour
 b - a +0 scale mail (worn)
 c - a +0 shield (worn)
Jewellery
 k - a cursed ring of teleportation {unknown}
Wands
 s - a wand of random effects (25/48)
Scrolls
 e - a scroll of random uselessness {unknown}
 h - a scroll of magic mapping {unknown}
 p - a scroll of teleportation {unknown}
 r - a scroll of enchant weapon {unknown}
Potions
 i - a potion of beneficial mutation {unknown}
 l - a potion of resistance {unknown}
 m - a potion of lignification {unknown}
 n - 2 potions of curing {unknown}
 q - a potion of magic {unknown}
Comestibles
 f - 2 bread rations
 j - 2 meat rations


   Skills:
 - Level 2.6 Fighting
 + Level 3.9 Axes
 - Level 2.6 Armour
 - Level 2.6 Shields


You had 2 spell levels left.
You didn't know any spells.

Dungeon Overview and Level Annotations

Branches:
Dungeon (2/15)


Innate Abilities, Weirdness & Mutations

You have an increased reservoir of magic. (+10% MP)
Your attributes are resistant to harm.


Message History

The rat bites you but does no damage.
The moth of wrath goads the worm on!
The worm goes berserk!
You hit the worm but do no damage. You slash the rat!
You kill the rat!
The worm bites you! The worm bites you but does no damage.
You slash the worm!
The worm is moderately wounded.
You slash the worm! The worm bites you.
* * * LOW HITPOINT WARNING * * *
The worm bites you.
* * * LOW HITPOINT WARNING * * *
The worm bites you.
* * * LOW HITPOINT WARNING * * *
There are monsters nearby!
You feel agile all of a sudden. The worm barely misses you.
There is an open door here.
You feel very mighty all of a sudden. The worm bites you.
You die...

... #)..._..))# ...
##.........## ..♣
#....###....# ...
#...##y##††.# ...
#....###....# ...
#...........# ..♣
#.........## #.P
#.....##...ww..##
#..♣♣#......####@####
#.♣P♣#........##.##
...P♣#........##..#
...♣.+........###.#
.....#........# #.#
.♣P..##.......# #.#.#
..♣(.##.......# #.#.#
.♣.♣..'.......# #.#.#
.P♣..##....#### #.#.#


You could see a moth of wrath and 2 worms.

Vanquished Creatures
  An adder (D:2)
  A gnoll (D:2)
  An ooze (D:2)
  A dart slug (D:1)
  A ball python (D:1)
  6 bats
  3 goblins
  6 hobgoblins
  4 jackals (D:1)
  3 quokkas (D:2)
  A giant newt (D:1)
  6 kobolds (D:1)
  6 rats
  2 butterflies (D:2)
42 creatures vanquished.

Notes
Turn   | Place    | Note
-------+----------+-------------------------------------------
     0 | D:1      | Jmtri7 the Demigod Fighter began the quest for the Orb.
     0 | D:1      | Reached XP level 1. HP: 18/18 MP: 3/3
    34 | D:1      | Reached skill level 2 in Axes
   342 | D:1      | Reached XP level 2. HP: 25/25 MP: 4/4
   556 | D:1      | Reached skill level 3 in Axes
   953 | D:2      | Reached XP level 3. HP: 20/30 MP: 5/5
  1297 | D:2      | Found a shimmering altar of Xom.
  1386 | D:2      | Noticed a moth of wrath
  1388 | D:2      | Found a bloodstained altar of Trog.
  1403 | D:2      | Slain by a worm

Vault maps used:
D:1:      minmay_arrival_cross, serial_bayou, serial_bayou_shore_b,
          serial_bayou_pond_c, serial_bayou_crossing, serial_bayou_pond_e
D:2:      wad_woods_settlement, tgw_trog, xom_butterflies,
          nicolae_gozag_cash_rules_everything_around_me, first_bread

Skill      XL: |  1  2 |
---------------+-------+-----
Axes           | 2 3 |  3.9
Fighting       | |  2.6
Armour         | |  2.6
Shields        | |  2.6

Action                   || total
-------------------------++-------
Melee: War axe           ||   162
  Use: Potion            ||     2
  Eat: Chunk             ||     2
Armor: Scale mail        ||    64
Dodge: Dodged            ||    53
Block: Shield            ||    88
